 Dungeon Crawl Stone Soup version 0.29-a0-92-gee772dd00f (webtiles) character file.

Game seed: 12629109329261951133

225 lunkers the Insei (level 6, -2/43 HPs)
             Began as a Merfolk Transmuter on Feb 9, 2022.
             Slain by Sigmund (7 damage)
             ... on level 3 of the Dungeon.
             The game lasted 00:08:56 (4004 turns).

lunkers the Insei (Merfolk Transmuter)              Turns: 4004, Time: 00:08:57

Health: -2/43      AC:  2    Str: 11    XL:     6   Next: 1%
Magic:  1/9        EV: 13    Int: 14    God:
Gold:   113        SH:  0    Dex: 20    Spells: 3/9 levels left

rFire   . . .      SeeInvis .     - Unarmed
rCold   . . .      Faith    .   (no shield)
rNeg    . . .      Spirit   .   a - +0 robe
rPois   .          Reflect  .   (helmet currently unavailable)
rElec   .          Harm     .   (no cloak)
rCorr   .          Rampage  .   (no gloves)
Will    .....                   (boots currently unavailable)
Stlth   ++........              (no amulet)
HPRegen 0.14/turn               h - +6 ring of dexterity
MPRegen 0.11/turn               (no ring)

@: appendages
A: horns 2, (nimble swimmer 2), mertail
a: End Transformation


You were on level 3 of the Dungeon.
You had temporarily grown beastly horns.
You visited 1 branch of the dungeon, and saw 3 of its levels.

You collected 113 gold pieces.

Inventory:

Armour
 a - a +0 robe (worn)
Jewellery
 h - a +6 ring of dexterity (left hand)
Scrolls
 c - a scroll of vulnerability
Potions
 b - a potion of cancellation {unknown}
 d - a potion of mutation {unknown}
 e - a potion of berserk rage {unknown}
 f - 2 potions of might {unknown}
 g - a potion of haste {unknown}
 i - a potion of brilliance {unknown}
 j - a potion of degeneration {unknown}
 k - a potion of curing {unknown}


   Skills:
 - Level 1.1 Fighting
 - Level 2.6 Dodging
 * Level 6.1 Unarmed Combat
 - Level 2.0 Spellcasting
 + Level 5.0 Transmutations


You had 3 spell levels left.
You knew the following spells:

 Your Spells              Type           Power      Damage    Failure   Level
b - Wereblood             Tmut           15%        N/A       4%          2
c - Spider Form           Tmut/Pois      8%         N/A       26%         3
p - Beastly Appendage     Tmut           30%        N/A       3%          1

Your spell library contained the following spells:

 Spells                   Type           Power      Damage    Failure   Level
 Ice Form                 Ice/Tmut       8%         N/A       63%         4


Dungeon Overview and Level Annotations

Branches:
Dungeon (3/15)

Altars:
Fedhas

Annotations:
D:3 Sigmund


Innate Abilities, Weirdness & Mutations

You have temporarily grown beastly horns.
((You are very nimble when in or above water. (Stealth+, EV+, Speed+++)))
Your lower body shifts to a powerful aquatic tail in water.


Message History

Sigmund is lightly wounded.
Sigmund points at you and mumbles some strange words.
The puff of flame misses you.
Casting: Spider Form (quite dangerous; 26% risk of failure)
Confirm with . or Enter, or press ? or * to list all spells.
You grow a pair of large bovine horns.
* * * LOW MAGIC WARNING * * *
Sigmund misses you.
You barely miss Sigmund.
Sigmund is lightly wounded.
You closely miss Sigmund.
Sigmund is lightly wounded.
Sigmund misses you.
You hit Sigmund but do no damage. You headbutt Sigmund, but do no damage.
Sigmund is lightly wounded.
Sigmund gestures at you while chanting. The magic dart hits you.
You hit Sigmund.
Sigmund is lightly wounded.
Sigmund hits you with a +0 scythe!
* * * LOW HITPOINT WARNING * * *
You hit Sigmund.
Sigmund is lightly wounded.
You hit Sigmund but do no damage.
Sigmund is lightly wounded.
Sigmund mumbles some strange words.
Sigmund flickers and vanishes!
Deactivating autopickup; reactivate with Ctrl-A.
You hit something.
You hear some strange, mumbled words.
A magic dart appears from out of thin air!
The magic dart hits you.
* * * LOW HITPOINT WARNING * * *
Your magical contamination has completely faded away.
You hit something. Something hits you!
* * * LOW HITPOINT WARNING * * *
You closely miss something.
Unknown command.
You hit something. Something hits you!
You die...

#.# #.........#
#######.### #.........#
..........#####.........#
#######.#...............#
#.######..........# #
#.♣♣♣♣##..........#
######.♣..♣#...........#
#...##....♣.{#.........#
#
#...##.._.♣@######.#####
..##...##....♣.# #.#
.....##.♣..♣## #.# ####
#.>.##.♣♣♣♣##. #.#
...###...#......... #.#
##...............#. #.#
........†....##### #@#
<...........## #.#
.#####...##.# #.#


There were no monsters in sight!

Vanquished Creatures
  A kobold brigand (D:3)
  An orc wizard (D:2)
  A howler monkey skeleton (D:3)
  4 adders
  5 worms
  3 orcs
  7 bats
  5 endoplasms
  5 giant cockroaches
  5 goblins
  7 hobgoblins
  6 quokkas
  6 ball pythons
  3 frilled lizards
  4 kobolds
  2 rats
65 creatures vanquished.

Notes
Turn   | Place    | Note
-------+----------+-------------------------------------------
     0 | D:1      | lunkers the Merfolk Transmuter began the quest for the Orb.
     0 | D:1      | Reached XP level 1. HP: 15/15 MP: 3/3
   264 | D:1      | Reached XP level 2. HP: 14/21 MP: 5/5
   278 | D:1      | Learned a level 2 spell: Wereblood
   645 | D:1      | Reached skill level 4 in Unarmed Combat
   876 | D:1      | Reached XP level 3. HP: 19/26 MP: 6/6
   880 | D:1      | Learned a level 3 spell: Spider Form
  1052 | D:1      | Found a faded altar of an unknown god.
  2110 | D:2      | Reached XP level 4. HP: 25/32 MP: 3/7
  2238 | D:2      | Reached skill level 5 in Unarmed Combat
  3190 | D:3      | Noticed a kobold brigand
  3517 | D:3      | Killed a kobold brigand
  3518 | D:3      | Reached XP level 5. HP: 24/37 MP: 3/8
  3660 | D:3      | Reached skill level 6 in Unarmed Combat
  3830 | D:3      | Found a blossoming altar of Fedhas.
  3847 | D:3      | Reached skill level 5 in Transmutations
  3876 | D:3      | Reached XP level 6. HP: 43/43 MP: 5/9
  3960 | D:3      | Noticed Sigmund
  4004 | D:3      | Slain by Sigmund

Illustrated notes

Levels and vault maps discovered:
D:1:      ncdulo_halloftheorcs, layout_rooms,
          shapermc_ecumenical_altar_mp_vishouse
D:2:      layout_loops_corners, chequers_hall_statues_corner_a
D:3:      layout_rooms, mainiacjoe_overflow_alcove_1, lemuel_round_altar,
          hangedman_decor_push, uniq_sigmund

Skill      XL: |  1  2  3  4  5 |
---------------+----------------+-----
Transmutations | 3 4 5 |  5.0
Unarmed Combat | 4 5 6 |  6.1
Fighting       | |  1.1
Dodging        | |  2.6
Spellcasting   | |  2.0

Action                   |  1- 3 |  4- 6 || total
-------------------------+-------+-------++-------
Melee: Unarmed           |    94 |   103 ||   197
       Headbutt          |     6 |     1 ||     7
       Punch             |     1 |     1 ||     2
 Cast: Beastly Appendage |    13 |     2 ||    15
       Spider Form       |     7 |    17 ||    24
  Use: Scroll            |       |     1 ||     1
 Stab: Sleeping          |     2 |     1 ||     3
Armor: Robe              |    12 |     7 ||    19
       Skin              |     3 |       ||     3
Dodge: Dodged            |    55 |    87 ||   142

Table legend: (Time is in decaauts)
 A = Elapsed time spent in this place.
 B = Non-inter-level travel time spent in this place.
 C = Inter-level travel time spent in this place.
 D = Time resting spent in this place.
 E = Time spent auto-exploring this place.
 F = Levels seen in this place.
 G = Mean time per level.
                   A        B        C        D        E       F      G
               +--------+--------+--------+--------+--------+-----+--------+
         Total |   3988 |   3902 |     86 |    567 |   2830 |   3 | 1329.3 |
       Dungeon |   3988 |   3902 |     86 |    567 |   2830 |   3 | 1329.3 |
               +--------+--------+--------+--------+--------+-----+--------+

Top non-repeatable levels by time:
     D:2: 2265 daAuts
     D:1: 1201 daAuts
     D:3: 521 daAuts
